 Dungeon Crawl Stone Soup version 0.20-a0-1061-gbbf974c (webtiles) character file.

183034 Rrauwl the Merfolkian Porcupine (level 17, -5/168 HPs)
             Began as a Merfolk Berserker on Apr 27, 2017.
             Was the Champion of Trog.
             Slain by a tentacle (7 damage)
             ... attached to a kraken
             ... on level 2 of the Shoals.
             The game lasted 02:14:42 (28665 turns).

Rrauwl the Merfolkian Porcupine (MfBe)             Turns: 28665, Time: 02:14:43

Health: -5/168     AC: 21    Str: 24    XL:     17   Next: 98%
Magic:  0/20       EV: 18    Int:  6    God:    Trog [******]
Gold:   2903       SH:  0    Dex: 16    Spells: 16/16 levels left

rFire    + . .     SeeInvis .   a - +13 scythe of Curses {drain, *Curse} (curse)
rCold    + . .     Gourm    .   (shield currently unavailable)
rNeg     . . .     Faith    .   C - +4 plate armour {MR+} (curse)
rPois    +         Spirit   +   h - +1 hat (curse)
rElec    .         Reflect  .   L - scarf {Spirit} (curse)
rCorr    .         Harm     .   c - +2 pair of gloves (curse)
MR       ++...                  (boots currently unavailable)
Stlth    ..........             N - amulet of magic regeneration (curse)
Regen    0.4/turn               u - ring of protection from fire (curse)
MPRegen  0.3/turn               Q - ring of protection from cold (curse)

@: very quick
A: change form in water, swift swim, stealthy swim, agile 1, sense surroundings
1, poison resistance, robust 1, shaggy fur 1
}: 1/15 runes: gossamer
a: Berserk, Trog's Hand, Brothers in Arms, Burn Spellbooks, Renounce Religion


You were on level 2 of the Shoals.
You worshipped Trog.
Trog was exalted by your worship.
You were not hungry.

You visited 6 branches of the dungeon, and saw 30 of its levels.
You also visited: Labyrinth and Ice Cave.

You collected 3043 gold pieces.
You spent 140 gold pieces at shops.

Inventory:

Hand Weapons
 a - the cursed +13 scythe of Curses (weapon) {drain, *Curse}
   (Trog gifted it to you on level 5 of the Lair of Beasts)

   A truly terrible weapon, it drains the life of those it strikes.
   It curses itself when equipped.
   It has a curse placed upon it.
Armour
 c - a cursed +2 pair of gloves (worn)
 h - a cursed +1 hat (worn)
 C - a cursed +4 plate armour of magic resistance (worn)
 L - a cursed scarf of spirit shield (worn)
 R - a cursed +2 pair of boots (melded)
Jewellery
 u - a cursed ring of protection from fire (left hand)
 N - a cursed amulet of magic regeneration (around neck)
 Q - a cursed ring of protection from cold (right hand)
Wands
 j - a wand of lightning (5/15)
 m - a wand of polymorph (7/24)
 o - a wand of iceblast (3/15)
 r - a wand of iceblast (10/15)
 y - a wand of paralysis (7/24)
 A - a wand of disintegration (11/24)
 B - a wand of lightning (6/15)
 J - a wand of scattershot (3/9)
 O - a wand of acid (6/15)
Scrolls
 e - 4 scrolls of blinking
 f - 12 scrolls of identify
 k - 12 scrolls of teleportation
 v - 2 scrolls of silence
 w - 3 scrolls of fog
 D - 2 scrolls of fear
 I - 4 scrolls of recharging
 M - 8 scrolls of remove curse
Potions
 d - 2 potions of cancellation
 g - 2 potions of brilliance
 l - 3 potions of might
 n - 2 potions of mutation
 p - a potion of flight
 q - 4 potions of haste
 t - a potion of invisibility
 x - a potion of magic
 z - 5 potions of curing
 F - 2 potions of heal wounds
 G - 3 potions of agility
 K - 3 potions of ambrosia
Miscellaneous
 b - a box of beasts
 U - a fan of gales
Comestibles
 i - 11 chunks of flesh
 s - 20 royal jellies


   Skills:
 + Level 19.6 Fighting
 O Level 27 Polearms
 - Level 5.0 Armour
 - Level 14.0 Dodging
 - Level 5.1 Evocations


You had 16 spell levels left.
You didn't know any spells.

Dungeon Overview and Level Annotations

Branches:
Dungeon (15/15)            Temple (1/1) D:4            Lair (6/6) D:11
 Shoals (2/4) Lair:2       Spider (4/4) Lair:2        Slime (0/5) Lair:6
    Orc (2/2) D:10            Elf (0/3) Orc:2        Vaults (0/5) D:13
 Depths (0/5) D:15

Altars:
Ashenzari
Cheibriados
Dithmenos
Elyvilon
Fedhas
Gozag
Hepliaklqana
Kikubaaqudgha
Makhleb
Nemelex Xobeh
Okawaru
Qazlal
Ru
Sif Muna
Trog
Uskayaw
Vehumet
Wu Jian
Xom
Yredelemnul
Zin
The Shining One
Beogh
Jiyva

Shops:
D:4 =   D:15 %   Orc:2 !%((:   Shoals:1 [


Innate Abilities, Weirdness & Mutations

You revert to your normal form in water.
You are very nimble and swift while swimming.
You are very stealthy in the water. (Stealth+)
You are agile. (Dex +2)
You passively map a small area around you.
Your system is resistant to poisons. (rPois)
You are robust. (+10% HP)
You are covered in fur. (AC +1)


Message History

The tentacle slaps you!
* * * LOW HITPOINT WARNING * * *
The tentacle completely misses you. The tentacle slaps you!
* * * LOW HITPOINT WARNING * * *
Blink to where?
Press: ? - help, Dir - move target cursor, f - you
Okay, then.
Evoke which item? (* to show all) (? for menu, Esc to quit)
Aiming: Scattershot
Press: ? - help, Shift-Dir - straight line, f - kraken
Aim: a kraken (ink, water, almost dead, lightly drained)
The burst of metal fragments hits the kraken. x8
The kraken is almost dead.
This wand has 3 charges left.
The kraken bites you but does no damage.
The tentacle slaps you but does no damage.
The tentacle closely misses you. The tentacle slaps you!
* * * LOW HITPOINT WARNING * * *
The tentacle slaps you!
You die...

#≈≈≈≈≈P≈≈≈>...≈≈≈≈≈≈≈.
#≈≈≈≈≈P≈≈≈PPP≈P≈≈≈≈≈≈.
#≈≈≈≈≈≈≈PP≈≈≈≈≈≈≈≈≈≈≈.
#≈≈≈≈≈≈P≈≈≈≈≈≈≈≈.PP≈≈≈
#≈≈≈≈≈≈≈≈P≈≈≈...P....≈
#≈≈≈≈≈≈P≈≈≈......##..≈
#≈≈§§§§P≈≈P....####...
#≈≈§§§w§≈P.##..# #..≈
#≈≈§§@w§≈≈.###.#####.≈
#≈≈§wXw§≈≈≈......###..
#≈≈§§§§§≈≈≈≈≈.....^.#.
#≈≈≈≈≈≈≈≈≈≈≈≈≈....###.
#≈≈≈≈≈≈≈≈≈≈≈≈≈≈≈..###.
#≈≈≈≈≈≈≈≈≈≈≈≈≈........
#≈≈≈≈≈≈≈≈≈≈≈≈≈........
#≈≈≈≈≈≈≈≈≈≈≈≈≈≈≈......
≈ ≈≈≈≈≈≈≈≈≈≈....


You could see a kraken and 4 tentacles.

Vanquished Creatures
  Nikola (Spider:1)
  Arachne (Spider:2)
  An Ice Fiend (IceCv)
  Frances (Spider:1)
  Gastronok (Lair:2)
  A kraken (Shoals:2)
  Kirke (Spider:1)
  Donald (Orc:2)
  5 ghost moths
  6 emperor scorpions
  2 stone giants (Orc:2)
  An entropy weaver (Lair:2)
  Nessos (Lair:6)
  4 spark wasps
  Snorg (D:13)
  A merfolk javelineer (Shoals:2)
  A minotaur (Lab)
  3 merfolk impalers
  2 fire dragons
  Josephine (D:13)
  6 hydras
  Erolcha (D:13)
  The ghost of Strunz the Fighter, a journeyman GnWr of Okawaru (Lair:1)
  3 centaur warriors
  2 dancing weapons (D:13)
  3 death yaks (Lair:5)
  8 two-headed ogres
  3 tengu warriors
  A deep troll earth mage (D:14)
  Nergalle (Orc:2)
  5 sea snakes
  A wizard (D:15)
  An ugly thing (D:15)
  10 harpies (Shoals:1)
  3 manticores
  12 fauns
  10 orb spiders
  16 wolf spiders
  10 orc sorcerers (Orc:2)
  3 centaur zombies
  3 moths of wrath (Spider:4)
  2 cyclopes
  4 water nymphs
  An ice statue (IceCv)
  4 merfolk sirens (Shoals:1)
  2 black mambas (Lair:5)
  7 spiny frogs
  2 gargoyles
  A torpor snail (Spider:1)
  3 freezing wraiths
  4 anaconda simulacra (IceCv)
  A rime drake (Lair:5)
  17 demonic crawlers
  A tengu conjurer (D:15)
  An efreet (D:14)
  3 komodo dragons
  8 ice devils (IceCv)
  2 golden dragon simulacra (IceCv)
  2 yaktaurs (D:15)
  26 jumping spiders
  7 polar bears (Lair:6)
  6 meliai
  8 merfolk
  2 trolls
  A queen bee (Lair:4)
  A raiju (shapeshifter) (D:13)
  4 wind drakes
  3 blink frogs (Lair:3)
  13 hornets
  8 hippogriffs
  11 dream sheep
  A harpy skeleton (D:14)
  2 snapping turtles
  3 dire elephant simulacra (IceCv)
  14 spriggans (Lair:6)
  5 wraiths
  30 redbacks
  13 tarantellas
  34 yaks
  A vampire (D:15)
  3 water elementals
  4 wyverns
  3 hungry ghosts
  A steam dragon (Lair:4)
  2 hogs (Spider:1)
  4 basilisks
  4 vampire mosquitoes (D:15)
  4 harpy simulacra (IceCv)
  3 wargs
  5 hydra simulacra (IceCv)
  An iron troll simulacrum (IceCv)
  An acid dragon (D:15)
  5 porcupines
  11 water moccasins
  3 ice beasts
  7 sky beasts
  14 orc warriors
  3 black bears
  9 ogres
  The ghost of Narsil the Chopper, an amateur GnFi (D:3)
  A necrophage (D:10)
  2 phantoms
  22 wolves
  3 boggarts (Lair:6)
  16 centaurs
  10 crocodiles
  A big kobold (D:14)
  16 bullfrogs
  5 scorpions
  21 killer bees (Lair:4)
  5 howler monkeys
  13 wights
  6 crimson imps
  A draconian simulacrum (IceCv)
  8 hounds
  2 jellies
  2 quasits
  A bullfrog zombie (D:12)
  3 iron imps (D:8)
  2 bullfrog skeletons
  11 orc priests
  3 centaur skeletons
  5 iguanas
  36 orc wizards
  6 hell rats (Lair:6)
  A polar bear simulacrum (IceCv)
  2 troll simulacra (IceCv)
  5 worker ants
  A wolf simulacrum (IceCv)
  3 centaur simulacra (IceCv)
  An ogre skeleton (Lab)
  2 hound zombies
  A hound skeleton (D:8)
  A howler monkey zombie (D:8)
  A worker ant zombie (D:14)
  6 gnolls
  2 ogre simulacra (IceCv)
  9 adders
  2 naga simulacra (IceCv)
  4 shadow imps
  10 white imps (IceCv)
  6 ufetubi (IceCv)
  An ooze (D:2)
  2 adder skeletons
  An adder zombie (D:5)
  2 worms
  3 dart slugs
  11 leopard geckos
  78 orcs
  8 bats
  5 giant cockroaches
  11 goblins
  12 hobgoblins
  11 jackals
  3 quokkas
  2 ball pythons (D:6)
  6 frilled lizards
  A giant cockroach zombie (D:5)
  10 kobolds
  3 rats
913 creatures vanquished.

Vanquished Creatures (collateral kills)
  Rupert (D:13)
  An entropy weaver (Spider:4)
  2 merfolk impalers
  An ogre mage (Orc:2)
  An ice dragon (D:15)
  2 two-headed ogres
  The ghost of dricus the Basher, a novice FoAK of Lugonu (D:9)
  A sea snake (Shoals:1)
  4 orb spiders
  5 ugly things (D:15)
  An orc sorcerer (Orc:2)
  A faun (Shoals:2)
  5 wolf spiders (Spider:4)
  A cyclops (D:12)
  A gargoyle (D:14)
  A merfolk siren (Shoals:2)
  A centaur zombie (D:14)
  A demonic crawler (Spider:4)
  A wind drake (Shoals:1)
  5 jumping spiders
  2 merfolk (Shoals:1)
  A hippogriff (D:14)
  4 redbacks
  2 tarantellas (Spider:4)
  A yak (Lair:6)
  A centaur (D:12)
  A centaur skeleton (D:12)
  An orc priest (D:14)
  2 orc wizards (D:14)
  A worker ant (D:9)
  5 orcs
58 creatures vanquished.

Vanquished Creatures (others)
  A human (Spider:1)
  A fungus (Lair:4)
  2 plants
  4 tentacles (Shoals:2)
8 creatures vanquished.

Grand Total: 979 creatures vanquished

Notes
Turn   | Place    | Note
-------+----------+-------------------------------------------
     0 | D:1      | Rrauwl the Merfolk Berserker began the quest for the Orb.
     0 | D:1      | Reached XP level 1. HP: 18/18 MP: 1/1
   101 | D:1      | Reached XP level 2. HP: 24/24 MP: 2/2
   493 | D:1      | Reached XP level 3. HP: 30/30 MP: 3/3
   514 | D:1      | Reached ** piety under Trog
   901 | D:2      | Reached skill level 5 in Polearms
   901 | D:2      | Reached XP level 4. HP: 34/37 MP: 4/4
  1304 | D:3      | Noticed Narsil's ghost (amateur GnFi)
  1316 | D:3      | Killed Narsil's ghost
  1316 | D:3      | Reached skill level 6 in Polearms
  1316 | D:3      | Reached XP level 5. HP: 42/42 MP: 5/5
  1383 | D:3      | Reached skill level 5 in Dodging
  1652 | D:3      | Found a deep blue altar of Sif Muna.
  1657 | D:3      | Found a blossoming altar of Fedhas.
  2172 | D:3      | Reached *** piety under Trog
  2271 | D:4      | Found Juojoc's Jewellery Shop.
  2281 | D:4      | Reached XP level 6. HP: 43/48 MP: 6/6
  2437 | D:4      | Found a snail-covered altar of Cheibriados.
  2575 | D:4      | Reached skill level 7 in Polearms
  2578 | D:4      | Found a staircase to the Ecumenical Temple.
  2610 | Temple   | Entered the Ecumenical Temple
  2916 | D:4      | Gained mutation: Your body sometimes deteriorates upon taking damage. [potion of mutation]
  2916 | D:4      | Gained mutation: You are covered in fur. (AC +1) [potion of mutation]
  3022 | D:5      | Entered Level 5 of the Dungeon
  3112 | D:5      | Reached skill level 8 in Polearms
  3112 | D:5      | Reached XP level 7. HP: 54/54 MP: 7/7
  3237 | D:5      | Found an iron altar of Okawaru.
  3513 | D:5      | Reached skill level 9 in Polearms
  3932 | D:6      | Reached skill level 10 in Polearms
  4036 | D:6      | Reached **** piety under Trog
  4036 | D:6      | Reached skill level 11 in Polearms
  4036 | D:6      | Reached XP level 8. HP: 23/60 MP: 8/8
  4774 | D:6      | Reached skill level 12 in Polearms
  4996 | D:7      | Reached skill level 5 in Fighting
  5014 | D:7      | Reached XP level 9. HP: 65/68 MP: 9/9
  5077 | D:7      | Found a blossoming altar of Fedhas.
  5361 | D:8      | Reached skill level 13 in Polearms
  5439 | D:8      | Found a burning altar of Makhleb.
  5672 | D:8      | Reached skill level 1 in Evocations
  5926 | D:9      | Reached ***** piety under Trog
  5989 | D:9      | Noticed dricus's ghost (novice FoAK)
  5998 | D:9      | Killed dricus's ghost
  5998 | D:9      | Reached XP level 10. HP: 79/79 MP: 11/11
  6009 | D:9      | Noticed a two-headed ogre
  6014 | D:9      | Killed a two-headed ogre
  6014 | D:9      | Reached skill level 14 in Polearms
  6068 | D:9      | Gained mutation: You are agile. (Dex +2) [mutagenic meat]
  6069 | D:9      | Gained mutation: You passively map a small area around you. [mutagenic meat]
  6153 | D:9      | Found a sparkling altar of Nemelex Xobeh.
  6605 | D:9      | Reached skill level 10 in Dodging
  6799 | D:10     | Entered Level 10 of the Dungeon
  6932 | D:10     | Noticed a two-headed ogre
  6944 | D:10     | Killed a two-headed ogre
  6998 | D:10     | Received a gift from Trog
  7238 | D:10     | Noticed a two-headed ogre
  7247 | D:10     | Killed a two-headed ogre
  7247 | D:10     | Reached skill level 15 in Polearms
  7247 | D:10     | Reached skill level 5 in Evocations
  7304 | D:10     | Noticed a two-headed ogre
  7311 | D:10     | Killed a two-headed ogre
  7311 | D:10     | Reached XP level 11. HP: 60/85 MP: 10/14
  7442 | D:10     | Noticed a two-headed ogre
  7453 | D:10     | Killed a two-headed ogre
  7517 | D:10     | Found a roughly hewn altar of Beogh.
  7517 | D:10     | Found a staircase to the Orcish Mines.
  7554 | D:10     | Found a radiant altar of Vehumet.
  8045 | D:11     | Reached skill level 16 in Polearms
  8084 | D:11     | Found a staircase to the Lair.
  8413 | D:11     | Found a snail-covered altar of Cheibriados.
  8460 | Lair:1   | Entered Level 1 of the Lair of Beasts
  8474 | Lair:1   | Noticed Strunz's ghost (journeyman GnWr)
  8536 | Lair:1   | Killed Strunz's ghost
  8763 | Lair:1   | Found a labyrinth entrance.
  8767 | Lab      | Entered a labyrinth
  9717 | Lab      | Noticed a minotaur
  9726 | Lab      | Killed a minotaur
 10297 | Lair:2   | Found a staircase to the Shoals.
 10350 | Lair:2   | Reached skill level 17 in Polearms
 10381 | Lair:2   | Noticed a five-headed hydra
 10388 | Lair:2   | Killed a five-headed hydra
 10388 | Lair:2   | Reached XP level 12. HP: 92/92 MP: 15/15
 10589 | Lair:2   | Noticed Gastronok
 10600 | Lair:2   | Killed Gastronok
 10645 | Lair:2   | Found a hole to the Spider Nest.
 11079 | Lair:2   | Reached skill level 18 in Polearms
 11396 | Lair:3   | Noticed a four-headed hydra
 11413 | Lair:3   | Killed a four-headed hydra
 11557 | Lair:3   | Received a gift from Trog
 12198 | Lair:4   | Reached skill level 5 in Armour
 12306 | Lair:4   | Reached skill level 19 in Polearms
 12387 | Lair:4   | Reached XP level 13. HP: 41/101 MP: 14/16
 13583 | Lair:5   | Reached skill level 10 in Fighting
 14243 | Lair:6   | Entered Level 6 of the Lair of Beasts
 14251 | Lair:6   | Reached skill level 20 in Polearms
 14672 | Lair:6   | Reached ****** piety under Trog
 14880 | Lair:5   | Received a gift from Trog
 14978 | Lair:6   | Noticed Nessos
 14987 | Lair:6   | Killed Nessos
 15042 | Lair:6   | Found a staircase to the Slime Pits.
 15043 | Lair:6   | Found a viscous altar of Jiyva.
 15048 | Lair:6   | Reached skill level 21 in Polearms
 15206 | Lair:6   | Reached XP level 14. HP: 115/115 MP: 17/17
 16212 | D:12     | Received a gift from Trog
 16700 | D:13     | Noticed Josephine
 16711 | D:13     | Killed Josephine
 16841 | D:13     | Found a gate to the Vaults.
 16890 | D:13     | Reached skill level 22 in Polearms
 17074 | D:13     | Noticed Snorg
 17075 | D:13     | Noticed Rupert
 17080 | D:13     | Killed Snorg
 17083 | D:13     | Killed Rupert
 17169 | D:13     | Noticed Erolcha
 17173 | D:13     | Killed Erolcha
 17576 | D:14     | Received a gift from Trog
 17878 | D:14     | Reached XP level 15. HP: 104/126 MP: 18/18
 18044 | D:14     | Found a blossoming altar of Fedhas.
 18232 | D:14     | Reached skill level 23 in Polearms
 18414 | D:15     | Entered Level 15 of the Dungeon
 18648 | D:15     | Lost mutation: Your body sometimes deteriorates upon taking damage. [mutagenic meat]
 18650 | D:15     | Gained mutation: You are robust. (+10% HP) [mutagenic meat]
 18651 | D:15     | Gained mutation: Your system is resistant to poisons. (rPois) [mutagenic meat]
 18930 | D:15     | Found a staircase to the Depths.
 18984 | D:15     | Received a gift from Trog
 18994 | D:15     | Found Qotiwk's Food Shop.
 19351 | Orc:1    | Entered Level 1 of the Orcish Mines
 19494 | Orc:2    | Entered Level 2 of the Orcish Mines
 19499 | Orc:2    | Noticed Donald
 19513 | Orc:2    | Killed Donald
 19518 | Orc:2    | Reached skill level 15 in Fighting
 19534 | Orc:2    | Found a roughly hewn altar of Beogh.
 19589 | Orc:2    | Found Anler's Food Shoppe.
 19619 | Orc:2    | Found a staircase to the Elven Halls.
 20048 | Orc:2    | Found Ceedopsu's Antique Weapon Emporium.
 20109 | Orc:2    | Found a radiant altar of Vehumet.
 20121 | Orc:2    | Found Buriem's Antique Weapon Emporium.
 20147 | Orc:2    | Found Xukhylup's Book Shoppe.
 20179 | Orc:2    | Found an ancient bone altar of Kikubaaqudgha.
 20180 | Orc:2    | Noticed Nergalle
 20181 | Orc:2    | Received a gift from Trog
 20192 | Orc:2    | Killed Nergalle
 20240 | Orc:2    | Found Durrid Gerr's Distillery.
 20241 | Orc:2    | Found a roughly hewn altar of Beogh.
 20262 | Orc:2    | Bought a potion of resistance for 140 gold pieces
 21102 | Spider:1 | Entered Level 1 of the Spider Nest
 21102 | Spider:1 | Noticed Nikola
 21116 | Spider:1 | Reached skill level 24 in Polearms
 21126 | Spider:1 | Killed Nikola
 21592 | Spider:1 | Noticed Kirke
 21793 | Spider:1 | Killed Kirke
 21805 | Spider:1 | Noticed Frances
 21850 | Spider:1 | Killed Frances
 21903 | Spider:1 | Received a gift from Trog
 21930 | Spider:1 | Reached XP level 16. HP: 151/151 MP: 19/19
 22582 | Spider:2 | Noticed Arachne
 22598 | Spider:2 | Killed Arachne
 22838 | Spider:2 | Found a frozen archway.
 22842 | IceCv    | Entered an ice cave
 23231 | IceCv    | Reached skill level 25 in Polearms
 23671 | IceCv    | Received a gift from Trog
 23813 | IceCv    | Noticed an Ice Fiend
 23825 | IceCv    | Killed an Ice Fiend
 23881 | IceCv    | Got a crystal hand axe
 24201 | Spider:2 | HP: 3/231 [spark wasp (11)]
 25514 | Spider:4 | Entered Level 4 of the Spider Nest
 25778 | Spider:4 | Received a gift from Trog
 26035 | Spider:4 | Reached skill level 26 in Polearms
 26035 | Spider:4 | Reached XP level 17. HP: 135/163 MP: 14/20
 26681 | Spider:4 | Got a gossamer rune of Zot
 27230 | Shoals:1 | Entered Level 1 of the Shoals
 27271 | Shoals:1 | Found Viext's Antique Armour Emporium.
 27524 | Shoals:1 | Received a gift from Trog
 27525 | Shoals:1 | Got a transparent short sword {god gift}
 28013 | Shoals:1 | Reached skill level 27 in Polearms
 28371 | Shoals:2 | Noticed a kraken
 28391 | Shoals:2 | Killed a kraken
 28539 | Shoals:2 | Received a gift from Trog
 28648 | Shoals:2 | Noticed a kraken
 28665 | Shoals:2 | HP: 2/168 [tentacle[a kraken] (11)]
 28665 | Shoals:2 | Slain by a tentacle

Vault maps used:
D:1:      scummos_arrival_hexagon, serial_glass, glass_columns_b,
          glass_columns_b, due_unseen_surprise, feat_on_display,
          minmay_tromino_v4_c
D:3:      minitemple, first_bread
D:4:      kennysheep_slug_shrine, minmay_temple_entry_purple_smoke,
          serial_shops, shop, solitary_fountain
D:5:      nicolae_overflow_crystal_walls
D:7:      grunt_ogre_cave, minmay_ruined_shrine
D:8:      demons_altar, minmay_small_thing
D:9:      nemelex_altar_shiori, serial_column_ruins, column_ruins_hut_ruined,
          column_ruins_open_small, column_ruins_grid_1,
          column_ruins_corridor_corner, column_ruins_open_medium,
          column_ruins_columns_straight, minmay_misc_feat_plants
D:10:     david_orc_5, basic_altar
D:11:     kennysheep_blocky_hall, erik_lair_orcish_takeover,
          david_defended_altar_elf
D:13:     erik_vaults_1, uniq_erolcha, uniq_rupert, uniq_josephine, uniq_snorg
D:14:     kennysheep_scales, fedhas_altar_1
D:15:     grunt_enter_depths_hoard, serial_shops, nicolae_shop_window_shopping,
          glass_columns_b
Temple:   eino_temple_scatter_basement
Lair:1:   lab_entry_generic, grunt_megastairs_4
Lair:2:   shoals_dummy_entry, nicolae_spider_entry_orb_guardian, st_stairs_3,
          uniq_gastronok
Lair:4:   special_room
Lair:5:   minivault_26
Lair:6:   minmay_lair_end_enchanted_forest, slime_altar_1,
          serial_bayou_lagoon_b, uniq_nessos
Shoals:1: serial_shops, nicolae_shop_statue_plus
Spider:1: uniq_nikola, uniq_kirke, uniq_frances
Spider:2: portal_ice_cave_entry_pillars_three, uniq_arachne
Spider:4: guppyfry_spider_rune, spider_trap
Orc:2:    kennysheep_orc_mage_school, serial_shops,
          nicolae_shop_window_shopping, basic_altar, uniq_donald
Lab:      nicolae_lab_do_over, nicolae_lab_big_swirl
IceCv:    ice_cave_caverns_01

Skill      XL: |  1  2  3  4  5  6  7  8  9 10 11 12 13 14 15 16 17 |
---------------+----------------------------------------------------+-----
Dodging        | 3 4 5 6 7 9 11 14 | 14.0
Armour         | 2 5 |  5.0
Fighting       | 4 5 7 8 9 12 14 16 17 19 | 19.6
Polearms       | 5 6 8 11 12 13 15 17 19 21 22 24 26 27 | 27.0
Evocations     | 2 5 |  5.1

Action                   |  1- 3 |  4- 6 |  7- 9 | 10-12 | 13-15 | 16-18 || total
-------------------------+-------+-------+-------+-------+-------+-------++-------
Melee: Spear             |    52 |    14 |       |       |       |       ||    66
       Halberd           |       |   102 |    87 |       |       |       ||   189
       Trident           |       |       |   264 |   618 |   345 |       ||  1227
       Scythe            |       |       |       |       |   636 |   775 ||  1411
       Tailslap          |       |       |       |       |     5 |    19 ||    24
 Fire: Hunting sling     |    61 |    48 |    10 |     2 |       |       ||   121
Throw: Javelin           |       |       |       |       |     3 |       ||     3
Invok: Berserk           |       |     2 |     1 |     8 |    11 |     9 ||    31
       Brothers in Arms  |       |       |     1 |     2 |     1 |     1 ||     5
       Burn Spellbooks   |       |       |       |     5 |     2 |     1 ||     8
       Trog's Hand       |       |       |       |     1 |     6 |     5 ||    12
Evoke: Wand              |       |       |       |     1 |     2 |     2 ||     5
  Use: Potion            |       |     7 |     2 |     4 |     4 |     4 ||    21
       Scroll            |       |     7 |     4 |    15 |    10 |     5 ||    41
 Stab: Sleeping          |     1 |     2 |       |     1 |       |       ||     4
       Distracted        |       |       |       |     2 |       |     1 ||     3
  Eat: Chunk             |       |     8 |    15 |    21 |    25 |    15 ||    84
       Fruit             |       |       |       |     8 |     5 |     2 ||    15
       Royal jelly       |       |       |       |     3 |     3 |       ||     6
       Meat ration       |       |       |       |       |     1 |     2 ||     3
       Bread ration      |       |       |       |       |     2 |     1 ||     3
Armor: Animal skin       |    13 |     1 |       |       |       |       ||    14
       Scale mail        |       |    28 |    96 |    34 |       |       ||   158
       Plate armour      |       |       |       |    49 |   366 |   429 ||   844
       Skin              |       |       |       |       |    15 |       ||    15
Dodge: Dodged            |    40 |    79 |   160 |   232 |   441 |   534 ||  1486
